 Dungeon Crawl Stone Soup version 0.22-a0-252-gcace5d2 (webtiles) character file.

266 tilp the Poker (level 6, -3/61 HPs)
             Began as a Merfolk Ice Elementalist on Mar 2, 2018.
             Was an Initiate of Makhleb.
             Killed by divine providence
             ... invoked by an orc priest
              (13 damage)
             ... on level 4 of the Dungeon.
             The game lasted 00:10:08 (4425 turns).

tilp the Poker (Merfolk Ice Elementalist)           Turns: 4425, Time: 00:10:09

Health: -3/61      AC: 23    Str:  9    XL:     6   Next: 20%
Magic:  1/9        EV:  2    Int: 21    God:    Makhleb [......]
Gold:   160        SH:  0    Dex: 19    Spells: 3/9 levels left

rFire    . . .     SeeInvis .   b - +0 spear
rCold    . . .     Gourm    .   (no shield)
rNeg     + + +     Faith    .   (armour currently unavailable)
rPois    +         Spirit   .   (helmet currently unavailable)
rElec    .         Reflect  .   (cloak currently unavailable)
rCorr    .         Harm     .   (gloves currently unavailable)
MR       .....     NoTele   +   (boots currently unavailable)
Stlth    +++.......             (no amulet)
HPRegen  0.20/turn              (no ring)
MPRegen  0.11/turn              (no ring)

@: brilliant, agile, tree-form, very slightly contaminated
A: (change form in water), (swift swim), (stealthy swim)
a: Renounce Religion


You were on level 4 of the Dungeon.
You worshipped Makhleb.
Makhleb was noncommittal.
You were not hungry.
You were a tree.
You visited 2 branches of the dungeon, and saw 5 of its levels.

You collected 160 gold pieces.

Inventory:

Hand Weapons
 b - a +0 spear (weapon)
 m - a +0 hunting sling
Missiles
 f - 154 stones (quivered)
 s - 19 sling bullets
Armour
 a - a +0 robe (melded)
 e - a +0 helmet (melded)
 o - a +2 pair of boots (melded)
Jewellery
 r - a cursed ring of loudness {unknown}
 v - an uncursed amulet of regeneration {unknown}
Wands
 k - a wand of polymorph (8)
Scrolls
 d - a scroll of remove curse
 h - 3 scrolls of identify {unknown}
 i - 2 scrolls of teleportation {unknown}
 j - a scroll of random uselessness {unknown}
 q - a scroll of fear {unknown}
 u - a scroll of enchant armour {unknown}
Potions
 t - a potion of lignification
 x - a potion of heal wounds {unknown}
 z - a potion of haste {unknown}
Comestibles
 c - 8 rations


   Skills:
 - Level 6.3 Polearms
 - Level 2.6 Dodging
 - Level 2.1 Stealth
 - Level 2.0 Spellcasting
 - Level 0.7 Conjurations
 + Level 5.4 Ice Magic


You had 3 spell levels left.
You knew the following spells:

 Your Spells              Type           Power        Failure   Level  Hunger
a - Freeze                Ice            ####         1%          1    #......
b - Throw Frost           Conj/Ice       ####..       1%          2    ##.....
c - Ozocubu's Armour      Chrm/Ice       ####....     1%          3    ###....


Dungeon Overview and Level Annotations

Branches:
Dungeon (4/15)             Temple (1/1) D:4

Altars:
Ashenzari
Cheibriados
Dithmenos
Elyvilon
Fedhas
Gozag
Hepliaklqana
Kikubaaqudgha
Makhleb
Nemelex Xobeh
Okawaru
Qazlal
Ru
Sif Muna
Trog
Vehumet
Xom
Yredelemnul
Zin

Annotations:
D:2 exclusion: shadow imp, Jessica
D:3 Ijyb
D:4 exclusion: ogre, Natasha


Innate Abilities, Weirdness & Mutations

((You revert to your normal form in water.))
((You are very nimble and swift while swimming.))
((You are very stealthy in the water. (Stealth+)))
((Your system is resistant to poisons. (rPois)))


Message History

The orc wizard hits you but does no damage.
The orc priest looks encouraged for a moment.
It was a potion of brilliance.
You feel clever all of a sudden. Natasha casts a spell at you.
You resist with some effort.
The orc wizard hits you but does no damage.
The white imp shouts, "Abandon hope, thou bawdy weeb-spouting beggar!"
It was a potion of mutation.
You feel extremely strange.
You feel resistant to poisons.
You feel clumsy.
You feel agile. Natasha casts a spell at you. The magic dart hits you!
* * * LOW HITPOINT WARNING * * *
The orc wizard hits you but does no damage.
It was a potion of flight.
Your roots keep you in place.
Natasha claws you but does no damage.
The orc wizard hits you but does no damage.
The orc priest mumbles some strange prayers to Beogh against you.
Beogh smites you!
You die...

########.# #.# #. #.#
#.# #. #.#####.#####.
#####.............
#.####.............####
#..........######..#
######5###.# #..#
#h###.## #..# #♣##...##
#..# #o#.###.####..####
#o#.# #...........
..#.###.####..####
####...## #..# #####
#..# #..# #..# #..#


You could see an orc priest, an orc wizard, Natasha and a white imp.

Vanquished Creatures
  2 slaves
  2 orc priests (D:4)
  An orc wizard (D:4)
  An iguana (D:4)
  Natasha (D:4)
  A worker ant (D:4)
  3 adders
  An ooze (D:1)
  4 worms
  A dart slug (D:2)
  A leopard gecko (D:3)
  7 orcs (D:4)
  A giant cockroach (D:2)
  7 goblins
  3 hobgoblins
  7 jackals
  A quokka (D:3)
  4 bats
  5 frilled lizards
  6 kobolds
  3 rats
62 creatures vanquished.

Notes
Turn   | Place    | Note
-------+----------+-------------------------------------------
     0 | D:1      | tilp the Merfolk Ice Elementalist began the quest for the Orb.
     0 | D:1      | Reached XP level 1. HP: 13/13 MP: 3/3
   340 | D:1      | Reached XP level 2. HP: 18/19 MP: 3/5
   344 | D:1      | Learned a level 2 spell: Throw Frost
   527 | D:1      | Reached skill level 1 in Polearms
   709 | D:1      | Reached skill level 2 in Polearms
   937 | D:2      | Reached XP level 3. HP: 24/24 MP: 4/6
   946 | D:2      | Learned a level 3 spell: Ozocubu's Armour
  1307 | D:2      | Reached skill level 3 in Polearms
  1359 | D:2      | Noticed Jessica
  2257 | D:3      | Reached skill level 4 in Polearms
  2257 | D:3      | Reached XP level 4. HP: 28/30 MP: 2/7
  2606 | D:3      | Noticed Ijyb
  2739 | D:3      | Reached skill level 5 in Polearms
  3025 | D:4      | Found a glowing silver altar of Zin.
  3055 | D:4      | Reached XP level 5. HP: 35/35 MP: 1/8
  3120 | D:4      | Noticed an ogre
  3150 | D:4      | Found a staircase to the Ecumenical Temple.
  3201 | Temple   | Entered the Ecumenical Temple
  3300 | Temple   | Became a worshipper of Makhleb the Destroyer
  3373 | D:4      | Reached skill level 6 in Polearms
  3386 | D:4      | Noticed Natasha
  3404 | D:4      | Killed Natasha
  3421 | D:4      | Reached skill level 5 in Ice Magic
  3421 | D:4      | Reached XP level 6. HP: 25/41 MP: 1/9
  3700 | D:4      | Noticed a slave
  3934 | D:4      | Noticed a slave
  3977 | D:3      | Killed a slave
  4061 | D:4      | Got a pair of ancient gloves
  4067 | D:4      | Identified the cursed -7 pair of gloves of Wufo {rC- MR- rCorr Slay+4} (You found it on level 4 of the Dungeon)
  4110 | D:4      | Noticed a slave
  4172 | D:4      | Killed a slave
  4408 | D:4      | Noticed Natasha
  4424 | D:4      | Gained mutation: Your system is resistant to poisons. (rPois) [potion of mutation]
  4424 | D:4      | Gained mutation: You are clumsy. (Dex -2) [potion of mutation]
  4424 | D:4      | Lost mutation: You are clumsy. (Dex -2) [potion of mutation]
  4425 | D:4      | Killed from afar by an orc priest

Vault maps used:
D:1:      dpeg_arrival_arbitrary_b
D:2:      uniq_jessica, uniq_crazy_yiuf_cottage
D:3:      minmay_misc_feat_encased, uniq_ijyb
D:4:      lemuel_crystal_altar, minmay_temple_entry_overgrown,
          minmay_misc_feat_square, mrwooster_statue_mirror, uniq_edmund,
          uniq_pikel, uniq_natasha
Temple:   compressed_dpeg_circular_temple

Skill      XL: |  1  2  3  4  5 |
---------------+----------------+-----
Ice Magic      | 4 5 |  5.4
Polearms       | 2 4 5 6 |  6.3
Dodging        | |  2.6
Stealth        | |  2.1
Spellcasting   | |  2.0
Conjurations   | |  0.7

Action                   |  1- 3 |  4- 6 || total
-------------------------+-------+-------++-------
Melee: Spear             |    54 |   150 ||   204
       Unarmed           |     1 |       ||     1
Throw: Stone             |     1 |     2 ||     3
 Cast: Freeze            |    31 |    48 ||    79
       Ozocubu's Armour  |     2 |     6 ||     8
  Use: Potion            |       |     7 ||     7
       Scroll            |       |     1 ||     1
 Stab: Sleeping          |     9 |     1 ||    10
  Eat: Chunk             |     5 |     7 ||    12
       Ration            |       |     1 ||     1
Armor: Robe              |     9 |    22 ||    31
       Skin              |       |    35 ||    35
Dodge: Dodged            |    36 |    79 ||   115

Table legend:
 A = Spawn XP
 B = Non-spawn XP
 C = Spawn XP percentage of total XP
 D = Spawn monster count
 E = Non-spawn monster count
 F = Spawn count percentage of total count
 G = Total turns spent on level
                    A         B        C        D         E        F      G
               +---------+---------+-------+---------+---------+-------+---------
         Total |       0 |     381 |   0.0 |       0 |      60 |   0.0 |  4425
               +---------+---------+-------+---------+---------+-------+---------
           D:1 |       0 |      31 |   0.0 |       0 |      16 |   0.0 |   858
           D:2 |       0 |      38 |   0.0 |       0 |      14 |   0.0 |  1091
           D:3 |       0 |      56 |   0.0 |       0 |      16 |   0.0 |  1064
           D:4 |       0 |     256 |   0.0 |       0 |      14 |   0.0 |  1279
               +---------+---------+-------+---------+---------+-------+---------
